 Dungeon Crawl Stone Soup version 0.28-a0-1493-g08698888e4 (webtiles) character file.

Game seed: 15834187589033549322

7756 murtidash the Thaumaturge (level 11, -24/66 (73) HPs)
             Began as a Djinni Ice Elementalist on Jan 12, 2022.
             Was an Initiate of Ashenzari.
             Killed from afar by Josephine (25 damage)
             ... with a ghostly fireball
             ... on level 1 of the Orcish Mines.
             The game lasted 00:29:11 (13448 turns).

murtidash the Thaumaturge (DjIE)                   Turns: 13448, Time: 00:29:11

HP:   -24/66 (73)   AC:  8    Str:  7    XL:     11   Next: 43%
Gold: 613           EV: 28    Int: 21    God:    Ashenzari [......] SH:  0 Dex: 14

rFire   + + .      SeeInvis .   i - +0 dagger (elec)
rCold   x . .      Faith    .   (no shield)
rNeg    . . .      Spirit   .   a - +0 robe
rPois   ∞          Reflect  .   (no helmet)
rElec   .          Harm     .   y - +0 cloak
rCorr   .          Rampage  .   v - +0 pair of gloves
Will    +....                   (boots unavailable)
Stlth   ++........              l - amulet of the acrobat
HPRegen 0.21/turn               t - +4 ring of protection
MPRegen 0.00/turn               (no ring)

@: acrobatic, freezing walls, flying, slowed, drained, very slow
A: sickness immunity, fire resistance 2, cold vulnerability 1, float, innate
caster, hp casting, extra vitality 1
a: Renounce Religion, Curse Item


You were on level 1 of the Orcish Mines.
You worshipped Ashenzari.
Ashenzari was noncommittal.
You visited 3 branches of the dungeon, and saw 10 of its levels.
You also visited: Ossuary and Volcano.

You collected 613 gold pieces.

Inventory:

Hand Weapons
 i - a +0 dagger of electrocution (weapon)
   (You took it off a goblin on level 2 of the Dungeon)
 B - a +1 executioner's axe of flaming
   (You took it off a salamander in a volcano)
Armour
 a - a +0 robe (worn)
 v - a +0 pair of gloves (worn)
   (You found it on level 7 of the Dungeon)
 y - a +0 cloak (worn)
   (You found it on level 9 of the Dungeon)
 C - a +2 leather armour of fire resistance
   (You took it off a salamander in a volcano)
Jewellery
 l - an amulet of the acrobat (around neck)
   (You found it on level 3 of the Dungeon)
 r - an amulet of faith {Faith, !P}
   (You found it on level 5 of the Dungeon)
 t - a +4 ring of protection (left hand)
   (You found it in an ossuary)
Wands
 m - a wand of flame (1)
   (You took it off a hobgoblin on level 4 of the Dungeon)
 q - a wand of paralysis (12)
   (You found it on level 5 of the Dungeon)
 w - a wand of iceblast (7)
   (You found it on level 8 of the Dungeon)
Scrolls
 b - 4 scrolls of identify {unknown}
 e - 3 scrolls of teleportation {unknown}
 f - a scroll of fear {unknown}
 g - 2 scrolls of fog {unknown}
 h - 2 scrolls of enchant weapon {unknown}
 j - 3 scrolls of blinking {unknown}
 k - a scroll of holy word {unknown}
 n - 2 scrolls of amnesia {unknown}
 p - 3 scrolls of vulnerability {unknown}
 u - a scroll of summoning {unknown}
 x - 2 scrolls of enchant armour {unknown}
Potions
 c - 3 potions of magic {unknown}
 d - 2 potions of might {unknown}
 o - a potion of heal wounds {unknown}
 s - a potion of ambrosia
 z - a potion of degeneration {unknown}
 A - a potion of mutation {unknown}


   Skills:
 + Level 4.1 Fighting
 - Level 3.0 Short Blades
 - Level 4.0 Dodging
 - Level 1.5 Stealth
 * Level 12.5 Spellcasting


You had 11 spell levels left.
You knew the following spells:

 Your Spells              Type           Power      Damage    Failure   Level
a - Frozen Ramparts       Ice            100%       1d12      1%          3
b - Dazzling Flash        Conj/Hex       100%       N/A       1%          3
c - Static Discharge      Conj/Air       60%        N/A       1%          2
s - Swiftness             Air            60%        N/A       1%          3
x - Hailstorm             Conj/Ice       60%        3d13      1%          4
A - Ozocubu's Armour      Ice            60%        N/A       1%          3
U - Animate Skeleton      Necr           100%       N/A       1%          1
X - Airstrike             Air            30%        N/A       1%          4
Z - Freeze                Ice            100%       1d11      1%          1
Your spell library was empty.

Dungeon Overview and Level Annotations

Branches:
Dungeon (9/15)             Temple (1/1) D:7            Lair (0/6) D:9
    Orc (1/2) D:9         Ossuary (visited)         Volcano (visited)

Altars:
Ashenzari
Cheibriados
Dithmenos
Elyvilon
Fedhas
Gozag
Hepliaklqana
Kikubaaqudgha
Makhleb
Nemelex Xobeh
Okawaru
Qazlal
Ru
Sif Muna
Trog
Uskayaw
Vehumet
Wu Jian
Xom
Yredelemnul
Zin
The Shining One

Annotations:
Orc:1 Josephine


Innate Abilities, Weirdness & Mutations

You are immune to sickness and miasma.
You are immune to poison.
Your flesh is very heat resistant. (rF++)
You are vulnerable to cold. (rC-)
You float through the air rather than walking.
You learn spells naturally, not from books.
Your magical power is your life essence.
You have superior vitality. (+4 MHP)


Message History

Anything else - Cancel.
You shout for attention!
Josephine shouts!
You hear a shout! x2
A wraith comes into view. x2
Your frozen ramparts will break if you move.
Continue?
The frozen ramparts melt away as you move.
An orc comes into view. It is wielding a +0 dagger.
A wraith comes into view. x2
Okay, then.
Unknown command.
The orc shouts!
The walls around you are covered in ice.
The wall freezes the orc!
You kill the orc!
You take 3 damage, and have 69/73 hp.
Okay, then.
Unknown command.
The wall freezes the orc warrior!
Ashenzari invites you to partake of a vision and a curse of melee combat and ranged combat.
Okay, then.
Unknown command.
A cannonade of hail descends around you!
The hail pelts the orc!!
You kill the orc!
The hail pelts Josephine!!
The wall freezes the orc warrior!
The orc warrior hits you with a +0 dire flail!!
You take 25 damage, and have 44/73 hp.
MASSIVE DAMAGE!!
A cannonade of hail descends around you!
The hail pelts the wraith!
The wraith partially resists.
The hail pelts Josephine!!
The wall freezes the orc warrior.
The orc warrior hits you with a +0 dire flail!
You take 18 damage, and have 26/73 hp.
MASSIVE DAMAGE!!
A cannonade of hail descends around you!
The hail pelts the wraith!
The wraith partially resists.
The hail pelts the wraith.
The wraith partially resists.
The hail pelts the orc!!
You kill the orc!
The wraith resists.
The wall freezes the wraith.
The wall freezes the orc warrior!
You kill the orc warrior!
You take 4 damage, and have 22/73 hp.
A cannonade of hail descends around you!
The hail pelts the wraith!!
The wraith partially resists.
You destroy the wraith!
The hail pelts the wraith!
The wraith partially resists.
The hail pelts Josephine!!
* * * LOW HITPOINT WARNING * * *
The wraith resists.
The wall freezes the wraith.
You take 4 damage, and have 18/73 hp.
A cannonade of hail descends around you!
The hail pelts the wraith!
The wraith partially resists.
* * * LOW HITPOINT WARNING * * *
The wraith resists.
The wall freezes the wraith.
The wraith hits you.
* * * LOW HITPOINT WARNING * * *
The wraith drains your vigour!
You feel yourself slow down.
You take 8 damage, and have 10/73 hp.
Okay, then.
Unknown command.
Okay, then.
Unknown command.
Unknown command.
Okay, then.
Unknown command.
Okay, then.
Unknown command.
Aim: a wraith (severely damaged)
You freeze the wraith.
The wraith resists.
* * * LOW HITPOINT WARNING * * *
The wraith resists.
The wall freezes the wraith.
The wraith hits you!
* * * LOW HITPOINT WARNING * * *
The wraith drains your vigour!
You feel as though you will be slow longer.
You take 8 damage, and have 2/73 hp.
Okay, then.
Unknown command.
Okay, then.
Unknown command.
You are confused.
You feel invigorated.
The wraith resists.
The wall freezes the wraith.
You destroy the wraith!
You regained 5 hp, and now have 7/73 hp.
You feel less invigorated.
You feel less confused.
The wraith resists.
The wall freezes the wraith.
Josephine drinks a potion.
Josephine is healed!
The wraith completely resists.
The wall freezes the wraith but does no damage.
The wraith completely misses you.
You regained 6 hp, and now have 13/73 hp.
Josephine gestures at you while chanting.
The ghostly flame explodes!
The ghostly fireball engulfs the wraith.
The wraith completely resists.
The ghostly fireball engulfs you!
You feel drained.
* * * LOW HITPOINT WARNING * * *
The wraith resists.
The wall freezes the wraith.
The wraith closely misses you.
Josephine points at you and mumbles some strange words.
The ghostly flame explodes!
The ghostly fireball engulfs the wraith.
The wraith completely resists.
The ghostly fireball engulfs you!!
You feel drained.
You die...

......##...## .#.#
............# ....
.........^.#######..#
......#....#.#..#...###
.....).#.........#....#.
....[[###...##..........
#....[####...###.#..#.#.
.....)).###..##...##...
#...#..[..#...#.@## ...
#..##..)#.##.###W## #.
...###.########.))# #.##
### ##.#@...o.. #.##
##.#...... ...# ........
#.## ........ ###
........ ........


You could see Josephine and a wraith.

Vanquished Creatures
  A hell knight (Volcano)
  A salamander mystic (Volcano)
  4 salamanders (Volcano)
  2 molten gargoyles (Volcano)
  2 wraiths (Orc:1)
  2 fire bats (Volcano)
  A steam dragon (D:8)
  2 wargs (Orc:1)
  3 water moccasins
  A black bear (D:3)
  6 orc warriors
  An ice beast (D:7)
  8 centaurs
  2 ogres
  A phantom (D:4)
  2 elf zombies (Ossuary)
  A gnoll sergeant (D:9)
  A wyvern skeleton (D:5)
  6 wights (D:8)
  A bullfrog zombie (D:5)
  3 lava snakes (Volcano)
  5 centaur zombies
  A bullfrog skeleton (D:5)
  A gnoll shaman (D:7)
  A human zombie (Ossuary)
  5 orc priests
  4 jellies
  A centaur skeleton (D:4)
  3 iguanas
  7 orc wizards
  A killer bee zombie (D:7)
  2 mummies (Ossuary)
  14 gnolls
  5 adders
  2 white imps (D:8)
  2 adder zombies (Ossuary)
  An adder skeleton (D:4)
  A worm (D:2)
  4 dart slugs
  21 orcs
  6 endoplasms
  A giant cockroach (D:1)
  3 goblins
  9 hobgoblins
  8 kobolds
  4 quokkas (D:2)
  12 ball pythons
  6 bats
  6 frilled lizards
  A goblin zombie (Ossuary)
  11 hobgoblin zombies (Ossuary)
  A jackal zombie (Ossuary)
  8 kobold zombies (Ossuary)
  9 orc zombies
  8 rats
  3 rat zombies
228 creatures vanquished.

Vanquished Creatures (collateral kills)
  A hobgoblin (D:3)
1 creature vanquished.

Grand Total: 229 creatures vanquished

Notes
Turn   | Place    | Note
-------+----------+-------------------------------------------
     0 | D:1      | murtidash the Djinni Ice Elementalist began the quest for
                  | the Orb.
     0 | D:1      | Reached XP level 1. HP: 15/15 MP: 0/0
   173 | D:1      | Reached XP level 2. HP: 17/21 MP: 0/0
   274 | D:1      | Found a shadowy altar of Dithmenos.
  1012 | D:1      | Reached XP level 3. HP: 16/25 MP: 0/0
  1012 | D:1      | Learned a level 1 spell: Animate Skeleton
  1381 | D:1      | Reached skill level 4 in Spellcasting
  1987 | D:2      | Found a faded altar of an unknown god.
  2507 | D:2      | Reached XP level 4. HP: 29/31 MP: 0/0
  2957 | D:3      | Noticed a black bear
  2971 | D:3      | HP: 3/31 [black bear (5)]
  2972 | D:3      | HP: 1/31 [black bear (1)]
  2973 | D:3      | Killed a black bear
  2974 | D:3      | Reached skill level 1 in Short Blades
  2974 | D:3      | Reached XP level 5. HP: 2/35 MP: 0/0
  2974 | D:3      | Learned a level 2 spell: Static Discharge
  3323 | D:3      | Reached skill level 2 in Short Blades
  3464 | D:3      | Reached XP level 6. HP: 39/40 MP: 0/0
  3728 | D:3      | Reached skill level 5 in Spellcasting
  4225 | D:4      | HP: 2/40 [centaur (5)]
  4228 | D:4      | Reached skill level 3 in Short Blades
  4228 | D:4      | Reached XP level 7. HP: 13/45 MP: 0/0
  4228 | D:4      | Learned a level 3 spell: Swiftness
  4796 | D:4      | Reached skill level 6 in Spellcasting
  5076 | D:5      | Entered Level 5 of the Dungeon
  5603 | D:5      | Noticed a water moccasin
  5614 | D:5      | Killed a water moccasin
  5615 | D:5      | Reached XP level 8. HP: 41/50 MP: 0/0
  5692 | D:5      | Reached skill level 7 in Spellcasting
  5967 | D:7      | HP: 10/50 [ice beast (9)]
  6241 | D:7      | HP: 13/75 [centaur/arrow (5)]
  6248 | D:7      | Reached skill level 8 in Spellcasting
  6573 | D:7      | Found a sand-covered staircase.
  6583 | Ossuary  | Entered an ossuary
  7050 | Ossuary  | Reached XP level 9. HP: 29/55 MP: 0/0
  7050 | Ossuary  | Learned a level 3 spell: Dazzling Flash
  7955 | D:7      | Reached skill level 9 in Spellcasting
  8607 | D:7      | Found a staircase to the Ecumenical Temple.
  8633 | Temple   | Entered the Ecumenical Temple
  8843 | Temple   | Became a worshipper of Ashenzari the Shackled
  9366 | D:7      | Reached skill level 1 in Fighting
  9597 | D:8      | Reached skill level 3 in Dodging
 10127 | D:8      | Reached skill level 2 in Fighting
 10640 | D:8      | Reached XP level 10. HP: 33/65 MP: 0/0
 11293 | D:9      | Reached skill level 3 in Fighting
 11293 | D:9      | Reached skill level 4 in Dodging
 11530 | D:9      | Reached skill level 10 in Spellcasting
 11673 | D:9      | Found a staircase to the Lair.
 11832 | D:9      | Found a staircase to the Orcish Mines.
 11847 | Orc:1    | Entered Level 1 of the Orcish Mines
 11937 | Orc:1    | Reached skill level 4 in Fighting
 12003 | Orc:1    | Found a dark tunnel.
 12012 | Volcano  | Entered a volcano
 12511 | Volcano  | Found a bloodstained altar of Trog.
 12511 | Volcano  | Noticed a salamander
 12511 | Volcano  | Noticed a salamander mystic
 12511 | Volcano  | Noticed a salamander
 12511 | Volcano  | Noticed a salamander
 12514 | Volcano  | Killed a salamander
 12515 | Volcano  | Reached skill level 11 in Spellcasting
 12521 | Volcano  | Killed a salamander
 12522 | Volcano  | Killed a salamander
 12524 | Volcano  | HP: 8/67 [salamander mystic/bolt of magma (11)]
 12525 | Volcano  | Killed a salamander mystic
 12526 | Volcano  | Reached XP level 11. HP: 9/73 MP: 0/0
 12526 | Volcano  | Learned a level 4 spell: Airstrike
 12700 | Volcano  | Noticed a hell knight
 12709 | Volcano  | Killed a hell knight
 12710 | Volcano  | Reached skill level 12 in Spellcasting
 12889 | Volcano  | Noticed a salamander
 12899 | Volcano  | Killed a salamander
 13432 | Orc:1    | Noticed Josephine
 13444 | Orc:1    | HP: 10/73 [wraith[Josephine] (4)]
 13445 | Orc:1    | HP: 2/73 [wraith[Josephine] (8)]
 13448 | Orc:1    | Killed from afar by Josephine

Illustrated notes

Levels and vault maps discovered:
D:1:      dpeg_arrival_lava_altar, layout_basic
D:2:      layout_loops_ring, basic_altar, hellmonk_ecumenical_altar_blasted,
          chequers_hall_statues_wall_a, chequers_mini_garden, minivault_26,
          kennysheep_generic_room_16
D:3:      layout_basic
D:4:      layout_gridville, vehumet_altar_wand_db
D:5:      layout_rooms
D:7:      layout_basic, temple_pool_b, enter_ossuary_3, minmay_misc_feat_tower
D:8:      layout_loops_corners
D:9:      layout_loops_ring, lair_entry_dummy, erik_orc_4, kennysheep_dice
Temple:   minmay_crystal_snake_temple
Orc:1:    layout_caves, enter_volcano_2, basic_altar, uniq_josephine

Skill      XL: |  1  2  3  4  5  6  7  8  9 10 11 |
---------------+----------------------------------+-----
Spellcasting   | 4 5 6 8 9 11 12 | 12.5
Short Blades   | 1 2 3 |  3.0
Fighting       | 2 4 |  4.1
Dodging        | 3 4 |  4.0
Stealth        | |  1.5

Action                   |  1- 3 |  4- 6 |  7- 9 | 10-12 || total
-------------------------+-------+-------+-------+-------++-------
Melee: Club              |    14 |       |       |       ||    14
       Dagger            |       |    40 |   261 |     9 ||   310
       Punch             |       |     1 |     6 |       ||     7
 Cast: Freeze            |    59 |    41 |    32 |    21 ||   153
       Frozen Ramparts   |       |     7 |    26 |    27 ||    60
       Ozocubu's Armour  |       |     2 |    10 |     2 ||    14
       Animate Skeleton  |       |     3 |       |       ||     3
       Static Discharge  |       |       |    23 |     1 ||    24
       Hailstorm         |       |       |     9 |    37 ||    46
       Dazzling Flash    |       |       |     9 |       ||     9
       Airstrike         |       |       |       |     1 ||     1
Evoke: Wand              |       |       |     9 |     5 ||    14
  Use: Potion            |       |     1 |     2 |     2 ||     5
 Stab: Sleeping          |     1 |       |     4 |       ||     5
       Paralysed         |       |       |       |     2 ||     2
Armor: Robe              |    15 |    32 |    84 |     8 ||   139
Dodge: Dodged            |    36 |    66 |   195 |    36 ||   333

Table legend: (Time is in decaauts)
 A = Elapsed time spent in this place.
 B = Non-inter-level travel time spent in this place.
 C = Inter-level travel time spent in this place.
 D = Time resting spent in this place.
 E = Time spent auto-exploring this place.
 F = Levels seen in this place.
 G = Mean time per level.
                   A        B        C        D        E       F      G
               +--------+--------+--------+--------+--------+-----+--------+
         Total |  13414 |  13236 |    178 |   1492 |   9882 |  12 | 1117.8 |
       Dungeon |  10493 |  10362 |    131 |    110 |   9159 |   8 | 1311.6 |
        Temple |    223 |    176 |     47 |      0 |    158 |   1 |  223.0 |
  Orcish Mines |    349 |    349 |      0 |    101 |    155 |   1 |  349.0 |
       Ossuary |   1096 |   1096 |      0 |    458 |    295 |   1 | 1096.0 |
       Volcano |   1252 |   1252 |      0 |    823 |    115 |   1 | 1252.0 |
               +--------+--------+--------+--------+--------+-----+--------+

Top non-repeatable levels by time:
     D:7: 2221 daAuts
     D:8: 1616 daAuts
     D:1: 1568 daAuts
     D:2: 1511 daAuts
 Volcano: 1252 daAuts
     D:4: 1169 daAuts
 Ossuary: 1096 daAuts
     D:5: 876 daAuts
     D:3: 823 daAuts
     D:9: 705 daAuts
   Orc:1: 349 daAuts
  Temple: 223 daAuts

Table legend:
 A = Kills in this place as a percentage of kills in entire the game.
 B = Kills by you in this place as a percentage of kills by you in the entire game.
 C = Kills by friends in this place as a percentage of kills by friends in the entire game.
 D = Other kills in this place as a percentage of other kills in the entire game.
 E = Experience gained in this place as a percentage of experience gained in the entire game.
 F = Experience gained in this place divided by the number of levels of this place that you have seen.
                   A       B       C       D       E      F
               +-------+-------+-------+-------+-------+----------------------
         Total | 100.0 | 100.0 | 100.0 |   N/A | 100.0 | 923.4
       Dungeon |  69.0 |  68.9 | 100.0 |   N/A |  38.7 | 535.9
  Orcish Mines |   8.3 |   8.3 |   0.0 |   N/A |  12.7 | 1403.0
       Ossuary |  17.0 |  17.1 |   0.0 |   N/A |   3.2 | 350.0
       Volcano |   5.7 |   5.7 |   0.0 |   N/A |  45.5 | 5041.0
               +-------+-------+-------+-------+-------+----------------------
